 Dungeon Crawl Stone Soup version 0.24-a0-222-g1ac5efaa63 (webtiles) character file.

Game seed: 4329153768084562741

3 Redear the Charmwright (level 1, 0/21 HPs)
             Began as an Octopode Skald on Mar 31, 2019.
             Slain by a hobgoblin (3 damage)
             ... on level 1 of the Dungeon.
             The game lasted 00:01:25 (71 turns).

Redear the Charmwright (Octopode Skald)               Turns: 71, Time: 00:01:25

Health: 0/21       AC: 20    Str: 10    XL:     1   Next: 50%
Magic:  3/3        EV:  2    Int: 15    God:
Gold:   21         SH:  0    Dex: 11    Spells: 3/4 levels left

rFire    . . .     SeeInvis .   a - +0 mace
rCold    . . .     Gourm    .   (no shield)
rNeg     + + +     Faith    .   (helmet currently unavailable)
rPois    +         Spirit   .   (no amulet)
rElec    .         Reflect  .   (no ring)
rCorr    .         Harm     .   (no ring)
MR       .....     NoTele   +   (no ring)
Stlth    +.........             (no ring)
HPRegen  0.07/turn              (no ring)
MPRegen  0.08/turn              (no ring)
                                (no ring)
                                (no ring)

@: tree-form
A: almost no armour, stealthy swim, (amphibious), 8 rings, (constrict 8)
a: no special abilities


You were on level 1 of the Dungeon.
You were not hungry.
You were a tree.
You visited 1 branch of the dungeon, and saw 1 of its levels.

You collected 21 gold pieces.

Inventory:

Hand Weapons
 a - a +0 mace (weapon)
 b - a +0 club
Scrolls
 d - a scroll of teleportation {unknown}
 e - a scroll of random uselessness {unknown}
Comestibles
 c - a ration


   Skills:
 + Level 2.0 Fighting
 + Level 2.0 Maces & Flails
 + Level 2.4 Dodging
 + Level 0.5 Stealth
 - Level 2.0 Spellcasting
 - Level 3.0 Charms


You had 3 spell levels left.
You knew the following spells:

 Your Spells              Type           Power        Failure   Level  Hunger
a - Infusion              Chrm           ##..         6%          1    #......

Your spell library contained the following spells:

 Spells                   Type           Power        Failure   Level  Hunger
 Song of Slaying          Chrm           ##......     10%         2    ###....
 Shroud of Golubria       Chrm/Tloc      #.........   19%         2    ###....
 Regeneration             Chrm/Necr      #.........   34%         3    ###....
 Spectral Weapon          Hex/Chrm       #.......     34%         3    ###....


Dungeon Overview and Level Annotations

Branches:
Dungeon (1/15)

Altars:


Innate Abilities, Weirdness & Mutations

You cannot wear most types of armour.
You are very stealthy in the water. (Stealth+)
((You are amphibious.))
You can wear up to eight rings at the same time.
((You can use your tentacles to constrict eight enemies at once.))
((Your skin changes colour to match your surroundings (Stealth+).))
((Your rubbery body absorbs attacks. (AC +1, EV +1)))


Message History

MASSIVE DAMAGE!!
Okay, then.
Unknown command.
Unknown command.
Unknown command.
Unknown command.
Unknown command.
Unknown command.
Okay, then.
Unknown command.
It was a potion of lignification.
You turn into a tree.
Your roots penetrate the ground.
The leopard gecko bites you but does no damage.
You now have 2/21 hp.
Unknown command.
You barely miss the leopard gecko. The leopard gecko barely misses you.
You hit the leopard gecko.
The leopard gecko bites you but does no damage.
The hobgoblin hits you.
You die...

..........................
.........................#
..........................
##.....................#..
..........................
............g.[.†.........
###......##...............
#......##.##.g.......##.
#)..... #.##.l♣......#
....#. ..##.........# ...
##.#####8<8#### ..# #####
#.. ###


You could see a leopard gecko, a hobgoblin and a goblin.

Levels and vault maps discovered:
D:1:      mrwooster_arrival_statue, layout_rooms

Notes
Turn   | Place    | Note
-------+----------+-------------------------------------------
     0 | D:1      | Redear the Octopode Skald began the quest for the Orb.
     0 | D:1      | Reached XP level 1. HP: 14/14 MP: 3/3
     8 | D:1      | Identified a +0 club
    68 | D:1      | HP: 1/14 [leopard gecko (3)]
    69 | D:1      | Identified a potion of lignification
    71 | D:1      | Slain by a hobgoblin

Table legend:
 A = Turns spent in this place as a percentage of turns spent in the entire game.
 B = Non-inter-level travel turns spent in this place as a percentage of non-inter-level travel turns spent in the entire game.
 C = Inter-level travel turns spent in this place as a percentage of turns spent in this place.
 D = Turns resting spent in this place as a percentage of non-inter-level travel turns spent in this place.
 E = Turns spent auto-exploring this place as a percentage of non-inter-level travel turns spent in this place.
 F = Non-inter-level travel turns spent in this place divided by the number of levels of this place that you've seen.
                   A       B       C       D       E      F
               +-------+-------+-------+-------+-------+----------------------
         Total | 100.0 | 100.0 |   0.0 |   0.0 |   0.0 |  71.0
       Dungeon | 100.0 | 100.0 |   0.0 |   0.0 |   0.0 |  71.0
               +-------+-------+-------+-------+-------+----------------------

Table legend:
 A = Kills in this place as a percentage of kills in entire the game.
 B = Kills by you in this place as a percentage of kills by you in the entire game.
 C = Kills by friends in this place as a percentage of kills by friends in the entire game.
 D = Other kills in this place as a percentage of other kills in the entire game.
 E = Experience gained in this place as a percentage of experience gained in the entire game.
 F = Experience gained in this place divided by the number of levels of this place that you have seen.
                   A       B       C       D       E      F
               +-------+-------+-------+-------+-------+----------------------
         Total | 100.0 | 100.0 |   N/A |   N/A | 100.0 |   5.0
       Dungeon | 100.0 | 100.0 |   N/A |   N/A | 100.0 |   5.0
               +-------+-------+-------+-------+-------+----------------------

Action                   || total
-------------------------++-------
Melee: Mace              ||    10
       Constrict         ||     1
  Use: Potion            ||     1
Armor: Skin              ||     2
Dodge: Dodged            ||    11

Vanquished Creatures
  A leopard gecko (D:1)
  A goblin (D:1)
  A kobold (D:1)
3 creatures vanquished.
